 Dungeon Crawl Stone Soup version 0.32-a0-630-g46d191b0ed (webtiles) character file.

Game seed: 16165444187633405092

686 gruber the Skirmisher (level 7, -5/50 HPs)
             Began as a Coglin Hunter on Mar 6, 2024.
             Was an Initiate of Hepliaklqana.
             Slain by Prince Ribbit (14 damage)
             ... on level 5 of the Dungeon.
             The game lasted 00:03:14 (3892 turns).

gruber the Skirmisher (Coglin Hunter)               Turns: 3892, Time: 00:03:15

Health: -5/50      AC:  4    Str: 11    XL:     7   Next: 62%
Magic:  7/7        EV: 12    Int:  8    God:    Hepliaklqana [......]
Gold:   197        SH:  0    Dex: 20    Spells: 6/6 levels left

rFire   + . .        a - +2 sling {Jaspreet}
rCold   . . .        d - +0 sling {Namzu}
rNeg    . . .        t - +2 robe {rF+}
rPois   .            (no helmet)
rElec   .            (no cloak)
rCorr   .            (no gloves)
SInv    .            (no boots)
Will    .....        (amulet unavailable)
Stlth   ++           (ring unavailable)
HPRegen 0.28/turn    (ring unavailable)
MPRegen 0.10/turn    (no gizmo)

%: no passive effects
@: revved
A: off-hand wielding, slow wielding, warmup strikes, no jewellery
a: Invent Gizmo, Renounce Religion


You were on level 5 of the Dungeon.
You worshipped Hepliaklqana.
Hepliaklqana was noncommittal.
You visited 2 branches of the dungeon, and saw 6 of its levels.

You collected 197 gold pieces.

Inventory:

Hand Weapons
 a - a +2 sling (weapon) {Jaspreet}
 d - a +0 sling (offhand) {Namzu}
Armour
 t - a +2 robe of fire resistance (worn)
Scrolls
 b - a scroll of butterflies
 c - a scroll of blinking {unknown}
 e - 2 scrolls of poison {unknown}
 f - a scroll of amnesia {unknown}
 i - a scroll of brand weapon {unknown}
 j - 8 scrolls of identify {unknown}
 l - 3 scrolls of teleportation {unknown}
 m - a scroll of noise {unknown}
 n - a scroll of silence {unknown}
 o - 2 scrolls of enchant armour {unknown}
 q - a scroll of revelation {unknown}
Potions
 g - 2 potions of berserk rage {unknown}
 h - a potion of haste {unknown}
 k - 2 potions of enlightenment {unknown}
 p - a potion of resistance {unknown}
 r - 2 potions of magic {unknown}
 s - a potion of brilliance {unknown}


   Skills:
 - Level 2.0 Fighting
 + Level 8.3 Ranged Weapons
 - Level 1.7 Dodging
 - Level 0.7 Stealth


You had 6 spell levels left.
You didn't know any spells.
Your spell library contained the following spells:

 Spells                   Type           Power      Damage    Failure   Level
 Sandblast                Erth           0%         2d4       41%         1
 Ensorcelled Hibernation  Hex/Ice        0%         N/A       54%         2
 Mercury Vapours          Alch/Air       0%         N/A       54%         2
 Fugue of the Fallen      Necr           0%         N/A       78%         3
 Mephitic Cloud           Conj/Alch/Air  0%         N/A       78%         3
 Passwall                 Erth           0%         N/A       78%         3
 Stone Arrow              Conj/Erth      0%         3d7       78%         3
 Anguish                  Hex/Necr       0%         N/A       99%         4
 Brom's Barrelling Bould  Conj/Erth      0%         2d3       99%         4
 Freezing Cloud           Conj/Ice/Air   0%         6-21      100%        5


Dungeon Overview and Level Annotations

Branches:
Dungeon (5/15)             Temple (1/1) D:4

Altars:
Ashenzari
Cheibriados
Elyvilon
Gozag
Hepliaklqana
Kikubaaqudgha
Makhleb
Nemelex Xobeh
Okawaru
Ru
Sif Muna
Trog
Uskayaw
Wu Jian
Zin
The Shining One

Shops:
D:4 ?

Annotations:
D:5 Duvessa, Prince Ribbit


Innate Abilities, Weirdness & Mutations

You can wield a second weapon in your off-hand.
It takes a long time for you to wield or remove held weapons.
Your first few attacks do less damage.
You cannot equip rings or amulets.


Message History

Duvessa barely misses you.
Fire: a) +2 sling {Jaspreet}
Press: ? - help, Q - select action Shift-Dir - straight line, f/p - Duvessa
Aim: Duvessa, wielding a +0 short sword and wearing a +2 leather armour of cold resistance (moderately wounded, 70% to hit)
You shoot a sling bullet.
The sling bullet closely misses Duvessa.
You shoot a sling bullet.
The sling bullet hits Duvessa but does no damage.
Duvessa is moderately wounded.
Duvessa hits you with a +0 short sword! Prince Ribbit hits you!
Fire: a) +2 sling {Jaspreet}
Press: ? - help, Q - select action Shift-Dir - straight line, f/p - Duvessa
Aim: Duvessa, wielding a +0 short sword and wearing a +2 leather armour of cold resistance (moderately wounded, 70% to hit)
You shoot a sling bullet. The sling bullet barely misses Duvessa.
You shoot a sling bullet. The sling bullet hits Duvessa.
Duvessa is moderately wounded.
Duvessa closely misses you. Prince Ribbit hits you.
Unknown command.
Fire: a) +2 sling {Jaspreet}
Press: ? - help, Q - select action Shift-Dir - straight line, f/p - Duvessa
Aim: Duvessa, wielding a +0 short sword and wearing a +2 leather armour of cold resistance (moderately wounded, 70% to hit)
You shoot a sling bullet.
The sling bullet completely misses Duvessa.
You shoot a sling bullet. The sling bullet hits Duvessa!
Duvessa is heavily wounded.
Prince Ribbit barely misses you.
Duvessa says, "My weaknesses are his strengths!"
Duvessa hits you with a +0 short sword!
* * * LOW HITPOINT WARNING * * *
Fire: a) +2 sling {Jaspreet}
Press: ? - help, Q - select action Shift-Dir - straight line, f/p - Duvessa
Aim: Duvessa, wielding a +0 short sword and wearing a +2 leather armour of cold resistance (heavily wounded, 70% to hit)
You shoot a sling bullet. The sling bullet hits Duvessa.
Duvessa is severely wounded.
You shoot a sling bullet. The sling bullet hits Duvessa.
Duvessa is severely wounded.
Prince Ribbit hits you!
You die...
Hepliaklqana delivers you to your ancestors.

#.........#
#####....####.#
..#
#...........#.#
..# #
..............#
..###..
#...........#.#
.....
#####....####.#
.... #
#.........# ..#
#
#...#####.###..#
# #...#
#.....@e.# #
##.## #.#.#.F..#
#. #.#..........
. ###.#####...
#. ... ## #
####. .# #


You could see Prince Ribbit and Duvessa.

Vanquished Creatures
  2 ogres (D:4)
  Blork the orc (D:4)
  A scorpion (D:4)
  A bombardier beetle (D:4)
  An orc priest (D:3)
  2 iguanas (D:4)
  2 orc wizards
  5 gnolls
  5 adders
  2 ribbon worms
  4 dart slugs
  20 orcs
  12 endoplasms
  3 giant cockroaches (D:4)
  6 goblins
  9 hobgoblins
  12 kobolds
  4 quokkas
  5 ball pythons
  14 bats
  6 frilled lizards
  9 rats
126 creatures vanquished.

Notes
Turn   | Place    | Note
-------+----------+-------------------------------------------
     0 | D:1      | gruber the Coglin Hunter began the quest for the Orb.
     0 | D:1      | Reached XP level 1. HP: 16/16 MP: 1/1
    46 | D:1      | Reached skill level 4 in Ranged Weapons
    46 | D:1      | Reached XP level 2. HP: 22/22 MP: 2/2
   266 | D:1      | Reached XP level 3. HP: 27/27 MP: 3/3
   845 | D:2      | Reached skill level 5 in Ranged Weapons
   845 | D:2      | Reached XP level 4. HP: 33/33 MP: 4/4
  1494 | D:3      | Reached XP level 5. HP: 38/38 MP: 5/5
  1637 | D:3      | Reached skill level 6 in Ranged Weapons
  2529 | D:4      | Noticed Blork the orc
  2537 | D:4      | Killed Blork the orc
  2538 | D:4      | Reached XP level 6. HP: 44/44 MP: 6/6
  2560 | D:4      | Found a staircase to the Ecumenical Temple.
  2657 | D:4      | Reached skill level 7 in Ranged Weapons
  2746 | D:4      | Reached XP level 7. HP: 50/50 MP: 7/7
  2962 | D:4      | Reached skill level 8 in Ranged Weapons
  3351 | D:4      | Found Semeites's Magic Scroll Emporium.
  3759 | Temple   | Entered the Ecumenical Temple
  3772 | Temple   | Became a worshipper of Hepliaklqana the Forgotten
  3820 | D:5      | Entered Level 5 of the Dungeon
  3873 | D:5      | Noticed Prince Ribbit
  3877 | D:5      | Noticed Duvessa
  3892 | D:5      | Slain by Prince Ribbit

Illustrated notes

Levels and vault maps discovered:
D:1:      lemuel_arrival_tunnels, layout_basic
D:2:      layout_loops_ring
D:3:      layout_loops_corners, minmay_pentangle
D:4:      layout_layer_cave, minmay_temple_entry_tees, portal_sewer_entry_f,
          serial_shops, kennysheep_mini_moat, uniq_blork_the_orc
D:5:      layout_loops_cross, grunt_temple_overflow_open,
          serial_library_hellmonk_junction, uniq_grinder, uniq_duvessa,
          uniq_prince_ribbit1, uniq_ijyb, uniq_crazy_yiuf_cottage
Temple:   eino_temple_scatter_basement

Skill      XL: |  1  2  3  4  5  6  7 |
---------------+----------------------+-----
Ranged Weapons | 4 5 6 7 8 |  8.3
Fighting       | |  2.0
Dodging        | |  1.7
Stealth        | |  0.7

Action                     |  1- 3 |  4- 6 |  7- 9 || total
---------------------------+-------+-------+-------++-------
   Fire: Sling             |   136 |   280 |   136 ||   552
 Armour: Leather armour    |     4 |    16 |       ||    20
         Robe              |       |     1 |    14 ||    15
  Dodge: Dodged            |     6 |    13 |    16 ||    35

Table legend: (Time is in decaauts)
 A = Elapsed time spent in this place.
 B = Non-inter-level travel time spent in this place.
 C = Inter-level travel time spent in this place.
 D = Time resting spent in this place.
 E = Time spent auto-exploring this place.
 F = Levels seen in this place.
 G = Mean time per level.
                   A        B        C        D        E       F      G
               +--------+--------+--------+--------+--------+-----+--------+
         Total |   3925 |   3732 |    193 |      0 |   3250 |   6 |  654.2 |
       Dungeon |   3898 |   3731 |    167 |      0 |   3250 |   5 |  779.6 |
        Temple |     26 |      1 |     25 |      0 |      0 |   1 |   26.0 |
               +--------+--------+--------+--------+--------+-----+--------+

Top non-repeatable levels by time:
     D:4: 1459 daAuts
     D:3: 1019 daAuts
     D:2: 748 daAuts
     D:1: 600 daAuts
     D:5: 71 daAuts
  Temple: 26 daAuts
